 Dungeon Crawl Stone Soup version 0.31-a0-803-g95b03c3367 (webtiles) character file.

Game seed: 15361348873057321850

114 Flugkiller the Firebug (level 4, -2/24 HPs)
             Began as a Deep Elf Fire Elementalist on Sept 20, 2023.
             Killed from afar by Sigmund (16 damage)
             ... with a puff of flame
             ... on level 4 of the Dungeon.
             The game lasted 00:02:24 (2172 turns).

Flugkiller the Firebug (Deep Elf Fire Elementalist) Turns: 2172, Time: 00:02:24

Health: -2/24      AC:  2    Str:  5    XL:     4   Next: 66%
Magic:  11/12      EV: 12    Int: 37    God:
Gold:   160        SH:  0    Dex: 12    Spells: 8/11 levels left

rFire   x . .        (no weapon)
rCold   + . .        (no shield)
rNeg    . . .        a - +0 robe
rPois   +            (no helmet)
rElec   .            (no cloak)
rCorr   .            (no gloves)
SInv    .            (no boots)
Will    .....        o - amulet of magic regeneration
Stlth   ++           l - +6 ring of intelligence
HPRegen 0.24/turn    s - ring "Karek" {Ice rPois Int+9 Dex-3}
MPRegen 0.53/turn

%: no passive effects
@: no status effects
A: no striking features
a: no special abilities


You were on level 4 of the Dungeon.
You visited 1 branch of the dungeon, and saw 4 of its levels.

You collected 160 gold pieces.

Inventory:

Missiles
 i - a throwing net
Armour
 a - a +0 robe (worn)
Jewellery
 l - a +6 ring of intelligence (left hand)
   (You found it on level 1 of the Dungeon)
 o - an amulet of magic regeneration (around neck)
   (You found it on level 2 of the Dungeon)
 q - a ring of fire
   (You found it on level 2 of the Dungeon)
 s - the ring "Karek" (right hand) {Ice rPois Int+9 Dex-3}
   (You found it on level 2 of the Dungeon)

   [ring of ice]

   Ice:       It enhances your ice magic.
   Int+9:     It affects your intelligence (+9).
   Dex-3:     It affects your dexterity (-3).
   rF-:       It makes you vulnerable to fire.
   rC+:       It protects you from cold.
   rPois:     It protects you from poison
 x - a ring of fire
   (You found it on level 4 of the Dungeon)
Scrolls
 c - a scroll of teleportation {unknown}
 d - a scroll of fear {unknown}
 f - a scroll of poison
 g - a scroll of fog {unknown}
 j - 2 scrolls of amnesia {unknown}
 k - a scroll of butterflies {unknown}
 m - 3 scrolls of noise {unknown}
 t - a scroll of identify {unknown}
 u - a scroll of enchant weapon {unknown}
 v - a scroll of torment {unknown}
Potions
 b - 2 potions of magic
 e - a potion of brilliance {unknown}
 h - a potion of might {unknown}
 n - a potion of attraction {unknown}
 p - a potion of mutation {unknown}
 r - a potion of haste {unknown}
 w - 2 potions of heal wounds


   Skills:
 - Level 2.4 Dodging
 - Level 2.4 Stealth
 + Level 4.0 Spellcasting
 * Level 3.2 Conjurations
 * Level 4.5 Fire Magic


You had 8 spell levels left.
You knew the following spells:

 Your Spells              Type           Power      Damage    Failure   Level
a - Foxfire               Conj/Fire      100%       2x1d9     1%          1
b - Scorch                Fire           82%        2d8       1%          2

Your spell library contained the following spells:

 Spells                   Type           Power      Damage    Failure   Level
 Momentum Strike          Conj/Tloc      38%        3d9       3%          2
 Static Discharge         Conj/Air       38%        2-4/arc   3%          2
 Inner Flame              Hex/Fire       24%        N/A       4%          3
 Volatile Blastmotes      Fire/Tloc      48%        2d14      4%          3
 Flame Wave               Conj/Fire      36%        2d10      9%          4
 Airstrike                Air            3%         2d(1-17)  36%         4
 Summon Lightning Spire   Summ/Air       7%         N/A       36%         4
 Metabolic Englaciation   Hex/Ice        5%         N/A       73%         5
 Disjunction              Tloc           3%         N/A       100%        8


Dungeon Overview and Level Annotations

Branches:
Dungeon (4/15) Zot: 21825
 Temple: D:4-7

Altars:

Annotations:
D:3 3 runed translucent doors, noobster's ghost, amateur DrCj
D:4 Robin; Sigmund


Message History

Casting: Foxfire (safe; 1% risk of failure)
Confirm with . or Enter, or press ? or * to list all spells.
You conjure some foxfire!
Your foxfire dissipates!
Magic restored.
Your foxfire dissipates! x2
Found a spear.
v - a scroll labelled KIUKHU OSSEFULUNI
Found a stone.
m - 3 scrolls labelled OTIOM NI ESO (gained 1)
Found a ring of fire.
Found 6 stones.
Casting: Foxfire (safe; 1% risk of failure)
Confirm with . or Enter, or press ? or * to list all spells.
You conjure some foxfire!
Your foxfire dissipates!
You now have 160 gold pieces (gained 11).
w - a scroll labelled XONISH FAJICIC
Casting: Foxfire (safe; 1% risk of failure)
Confirm with . or Enter, or press ? or * to list all spells.
You conjure some foxfire!
Your foxfire dissipates!
Your foxfire dissipates!
A hobgoblin comes into view.
A goblin comes into view.
It is wielding a +0 club. 3 goblins come into view.
You see here a ring of fire.
x - a ring of fire The goblin shouts!
You hear a shout!
Robin of the Strong Arm comes into view.
They are wielding a +0 spear and wearing a +0 helmet of intelligence.
Casting: Foxfire (safe; 1% risk of failure)
Confirm with . or Enter, or press ? or * to list all spells.
You conjure some foxfire!
Robin shouts!
The goblin shouts! x3; You hear a shout! x2
Robin throws the goblin at you!
A hobgoblin comes into view.
Casting: Foxfire (safe; 1% risk of failure)
Confirm with . or Enter, or press ? or * to list all spells.
You conjure some foxfire!
The foxfire hits the goblin!
You kill the goblin!
The foxfire hits the goblin.
The goblin is heavily wounded.
Casting: Foxfire (safe; 1% risk of failure)
Confirm with . or Enter, or press ? or * to list all spells.
You conjure some foxfire!
The foxfire hits the goblin.
You kill the goblin!
The foxfire hits the hobgoblin.
The hobgoblin is almost dead.
Sigmund the Dreaded comes into view.
He is wielding a +0 scythe.
The foxfire hits the hobgoblin!
You kill the hobgoblin!
The foxfire hits the goblin.
You kill the goblin!
Robin throws the goblin at you!
Casting: Foxfire (safe; 1% risk of failure)
Confirm with . or Enter, or press ? or * to list all spells.
You conjure some foxfire!
The goblin closely misses you.
A goblin comes into view. It is wielding a +0 club. x2
Robin throws the goblin at you!
Casting: Foxfire (safe; 1% risk of failure)
Confirm with . or Enter, or press ? or * to list all spells.
You don't know that spell.
Unknown command.
Your foxfire dissipates!
The foxfire hits the goblin!
You kill the goblin!
The goblin hits you with a +0 dagger. The goblin hits you but does no damage.
Robin throws the goblin at you!
You miss the goblin. The goblin misses you.
A hobgoblin comes into view.
The goblin barely misses you. The goblin misses you.
Okay, then.
It was a potion of heal wounds.
You feel much better.
w - 2 potions of heal wounds;
d - a scroll labelled XONISH FAJICIC The goblin completely misses you.
A goblin comes into view. It is wielding a +0 club.
The goblin hits you but does no damage. The goblin hits you with a +0 club.
The air fills with toxic fumes!
As you read the scroll labelled AMYTIM YSTEISK, it crumbles to dust.
It was a scroll of poison.
The goblin hits you with a +0 dagger.
Sigmund laughs darkly.
Sigmund gestures wildly while chanting.
Sigmund flickers and vanishes!
Deactivating autopickup; reactivate with Ctrl-A.
The goblin barely misses you. x2
You hear a shout!
Casting: Foxfire (safe; 1% risk of failure)
Confirm with . or Enter, or press ? or * to list all spells.
You conjure some foxfire!
The goblin barely misses you. The goblin hits you with a +0 club. x2
Casting: Foxfire (safe; 1% risk of failure)
Confirm with . or Enter, or press ? or * to list all spells.
You conjure some foxfire!
The foxfire hits the hobgoblin.
The hobgoblin is severely wounded.
The foxfire hits the goblin!
You kill the goblin!
A puff of flame appears from out of thin air!
The puff of flame hits you! The fire burns you terribly!
Ouch! That really hurt!
You die...

............####........
.#####...#.......§###.#....)#
.........§.......§§#........#
#..#..........#.#§§§.........
##.#.....###.####§§..........
#........§§§§.###§#.......##(
.....###.§§§§§##§§#......##
.........##§§§§g)g#.....##
....##.#......##@§##....##
.... #.#.#...###§v§§§§§§..
.... #..#...#.##g§§§§§§§#.
#[. ....#......§§§§§§§§§#
....###..##.###{g§§§§§# #...
#.....# #§§§§§§§.# ##. #...
.# .§§§g§§§.. #
.........g§§§§##.. ......
.......# ..


You could see Robin, 2 hobgoblins and 3 goblins.

Vanquished Creatures
  Terence (D:3)
  2 adders (D:2)
  A worm (D:2)
  3 dart slugs (D:3)
  2 orcs (D:3)
  2 endoplasms (D:1)
  4 giant cockroaches
  4 hobgoblins
  4 jackals
  3 kobolds
  3 quokkas
  9 ball pythons
  3 bats
  2 frilled lizards (D:1)
  10 goblins
  9 rats
62 creatures vanquished.

Vanquished Creatures (others)
  203 foxfires
203 creatures vanquished.

Grand Total: 265 creatures vanquished

Notes
Turn   | Place    | Note
-------+----------+-------------------------------------------
     0 | D:1      | Flugkiller the Deep Elf Fire Elementalist began the quest
                  | for the Orb.
     0 | D:1      | Reached XP level 1. HP: 10/10 MP: 6/6
   184 | D:1      | Found a faded altar of an unknown god.
   252 | D:1      | Reached XP level 2. HP: 15/15 MP: 0/8
   557 | D:1      | Learned a level 2 spell: Scorch
   820 | D:2      | Reached XP level 3. HP: 19/19 MP: 4/9
   999 | D:2      | Identified the ring "Karek" {Ice rPois Int+9 Dex-3}
  1106 | D:2      | Got a gaudy book
  1370 | D:3      | Found a runed translucent gate.
  1407 | D:3      | Noticed Terence
  1416 | D:3      | Killed Terence
  1417 | D:3      | Reached XP level 4. HP: 24/24 MP: 8/11
  1776 | D:3      | Found a runed translucent gate.
  1776 | D:3      | Found a runed translucent gate.
  1787 | D:3      | Noticed noobster's ghost (amateur DrCj)
  2160 | D:4      | Noticed Robin
  2163 | D:4      | Noticed Sigmund
  2172 | D:4      | Killed from afar by Sigmund

Illustrated notes

Levels and vault maps discovered:
D:1:      spicycebolla_arrival_xxxplode, layout_rooms,
          dreamdust_ecumenical_altar_drowned_temple
D:2:      layout_loops_ring, kennysheep_generic_room_9
D:3:      layout_basic, gammafunk_ghost_necromancy, grunt_decor_fettered,
          uniq_terence
D:4:      layout_cave_pools, grunt_ministairs_15, uniq_robin, uniq_sigmund

Skill      XL: |  1  2  3  4 |
---------------+-------------+-----
Conjurations   | 2 3 |  3.2
Fire Magic     | 4 |  4.5
Spellcasting   | 4 |  4.0
Dodging        | |  2.4
Stealth        | |  2.4

Action                     |  1- 3 |  4- 6 || total
---------------------------+-------+-------++-------
  Melee: Unarmed           |     3 |     2 ||     5
   Cast: Foxfire           |    85 |    46 ||   131
         Scorch            |     6 |       ||     6
    Use: Scroll            |       |     1 ||     1
         Potion            |       |     1 ||     1
 Armour: Robe              |     7 |    14 ||    21
  Dodge: Dodged            |     6 |     9 ||    15

Table legend: (Time is in decaauts)
 A = Elapsed time spent in this place.
 B = Non-inter-level travel time spent in this place.
 C = Inter-level travel time spent in this place.
 D = Time resting spent in this place.
 E = Time spent auto-exploring this place.
 F = Levels seen in this place.
 G = Mean time per level.
                   A        B        C        D        E       F      G
               +--------+--------+--------+--------+--------+-----+--------+
         Total |   2173 |   2093 |     80 |    277 |   1387 |   4 |  543.2 |
       Dungeon |   2173 |   2093 |     80 |    277 |   1387 |   4 |  543.2 |
               +--------+--------+--------+--------+--------+-----+--------+

Top non-repeatable levels by time:
     D:3: 762 daAuts
     D:2: 713 daAuts
     D:1: 611 daAuts
     D:4: 85 daAuts
